Map: Ulrena

Players

pageup - Winner!

  • Race: Terran Terran
  • League: Gold

capac

  • Race: Terran Terran
  • League: Gold

VOD

Have the link to the VOD?

Description

Time

  • Played on: April 30, 2016, 7 a.m.
  • Length: 34:54
Show
View Real Time Build Order
Export as new Build Order

pageup Terran - Winner!

Build Orders: Liberator Opening 

Get SALT Encoding   

  12  0:00  SCV  
  13  0:13  SCV  
  14  0:17  Supply Depot  
  14  0:25  SCV  
  15  0:39  SCV  
  15  0:41  Barracks  
  16  0:45  Refinery  
  16  0:51  Refinery  
  16  0:55  SCV  
  17  1:07  SCV  
  18  1:28  Orbital Command  
  18  1:30  Supply Depot  
  18  1:36  Barracks Reactor  
  18  1:48  Factory  
  18  1:54  SCV  
  19  2:08  SCV  
  20  2:13  Marine x2  
  22  2:20  SCV  
  22  2:37  Starport  
  22  2:38  Marine x2  
  22  2:42  Factory Tech Lab  
  22  2:43  SCV  
  24  2:55  SCV  
  24  2:56  Liberator  
  25  3:00  Siege Tank  
  28  3:08  Supply Depot, SCV  
  29  3:17  Marine  
  33  3:26  Marine  
  34  3:34  Siege Tank  
  37  3:39  Liberator  
  37  3:41  SCV  
  38  3:54  Marine  
  41  4:05  Marine  
  42  4:16  Siege Tank  
  45  4:20  Supply Depot  
  45  4:37  Marine  
  45  4:38  Marine  
  47  4:48  Siege Tank  
  49  5:12  Marine  
  49  5:13  Marine  
  47  5:16  Liberator  
  47  5:20  Siege Tank  
  41  5:49  SCV  
  40  5:57  Starport  
  37  6:14  Cyclone  
  37  6:15  Marine x2  
  42  6:30  Engineering Bay, Starport Reactor  
  42  6:34  Supply Depot  
  42  6:35  Supply Depot, Starport Reactor  
  42  6:38  Command Center  
  36  6:59  Marine x2  
  36  7:01  Cyclone  
  41  7:02  SCV  
  41  7:06  Missile Turret  
  42  7:13  Missile Turret  
  42  7:42  SCV  
  43  7:45  Cyclone, Marine x2  
  43  7:46  Viking  
  50  7:52  Orbital Command  
  50  7:53  Supply Depot  
  50  7:57  Refinery  
  50  8:07  Missile Turret, SCV  
  50  8:09  Marine  
  52  8:17  Viking  
  54  8:22  SCV  
  54  8:23  SCV  
  56  8:35  Siege Tank  
  56  8:40  Medivac  
  61  8:49  SCV x2  
  61  8:55  Refinery  
  63  8:58  Viking  
  63  9:01  SCV  
  63  9:02  Armory  
  66  9:05  SCV  
  67  9:16  Missile Turret  
  67  9:19  Marine  
  67  9:20  Marine  
  67  9:22  Siege Tank  
  72  9:39  SCV x2, Missile Turret  
  72  9:41  Terran Infantry Weapons Level 1  
  72  9:43  Viking  
  76  9:51  SCV x2  
  79  10:01  Siege Tank  
  79  10:03  SCV x2  
  79  10:05  Terran Vehicle Weapons Level 1  
  83  10:14  Supply Depot  
  83  10:15  SCV x2  
  85  10:27  SCV x2  
  87  10:34  Viking x2  
  91  10:48  Missile Turret  
  91  10:55  Marine x2, Siege Tank  
  91  10:56  Viking x2  
  100  11:02  Armory  
  100  11:03  SCV x2  
  102  11:09  Missile Turret  
  102  11:21  Command Center  
  102  11:28  Supply Depot  
  102  11:29  Supply Depot, SCV  
  102  11:30  Missile Turret  
  102  11:31  Supply Depot  
  103  11:42  Terran Infantry Armor Level 1  
  103  11:44  SCV x2  
  105  11:54  Viking  
  105  11:55  Viking  
  105  11:56  Siege Tank, SCV  
  105  11:58  Supply Depot  
  113  12:02  Terran Ship Weapons Level 1  
  113  12:04  Terran Vehicle Weapons Level 2  
  113  12:06  Supply Depot  
  113  12:17  Missile Turret  
  113  12:19  Marine  
  113  12:20  Marine  
  115  12:26  Barracks  
  115  12:28  Medivac  
  115  12:29  Medivac  
  119  12:35  Siege Tank  
  122  12:42  Missile Turret  
  121  13:06  Engineering Bay  
  121  13:08  Supply Depot, Siege Tank  
  121  13:09  Viking x2  
  121  13:10  Viking  
  121  13:12  SCV x2  
  132  13:24  Missile Turret  
  132  13:31  Marine  
  132  13:32  Marine  
  134  13:35  Supply Depot, Barracks Tech Lab  
  134  13:37  Barracks  
  134  13:39  Terran Infantry Weapons Level 2  
  134  13:43  Medivac  
  134  13:44  SCV  
  137  13:56  Refinery  
  137  13:57  Refinery  
  137  14:05  Missile Turret  
  137  14:07  Missile Turret  
  137  14:09  Missile Turret, Planetary Fortress  
  137  14:11  SCV  
  137  14:17  Marine x3  
  141  14:30  Supply Depot  
  141  14:31  Barracks Tech Lab  
  141  14:33  Supply Depot  
  141  14:34  Marine  
  141  14:35  Siege Tank  
  145  14:49  Command Center  
  145  14:51  Stimpack  
  145  14:55  Supply Depot  
  145  14:58  Combat Shields  
  145  14:59  Supply Depot  
  145  15:14  Missile Turret  
  145  15:19  Missile Turret  
  145  15:22  Supply Depot  
  145  15:28  Ghost Academy  
  145  15:43  Missile Turret  
  145  15:45  Marine x2  
  145  15:46  Marine  
  145  15:48  Missile Turret  
  145  15:49  Marine  
  149  15:51  Viking  
  149  15:52  Viking  
  149  15:53  Siege Tank  
  149  15:54  Viking x2  
  160  15:58  Terran Ship Weapons Level 2  
  160  16:03  Marine  
  160  16:04  Missile Turret  
  84  16:36  Viking x4  
  91  16:41  SCV  
  92  16:47  Orbital Command  
  92  16:53  SCV  
  93  17:05  SCV  
  93  17:06  Viking x2  
  92  17:17  SCV  
  93  17:29  SCV  
  94  17:37  Viking x3  
  92  18:05  Viking  
  92  18:06  Siege Tank  
  92  18:07  Viking x2, Marine x4  
  92  18:09  SCV  
  106  18:12  Refinery  
  106  18:21  SCV  
  106  18:25  Marine x4  
  107  18:33  SCV  
  108  18:38  Siege Tank  
  111  18:46  SCV  
  109  18:49  Marine x3  
  109  18:50  Marine  
  109  18:52  Viking x4  
  121  18:58  SCV  
  116  19:07  Marine x3  
  113  19:11  Siege Tank  
  113  19:15  Marine  
  113  19:19  SCV  
  114  19:25  Marine x3  
  118  19:31  SCV  
  118  19:33  Marine  
  115  19:43  Siege Tank, SCV  
  115  19:54  SCV  
  115  19:55  SCV  
  114  20:07  SCV x2  
  113  20:30  SCV  
  113  20:33  Marine x4  
  118  20:35  Terran Infantry Armor Level 2  
  118  20:37  Terran Vehicle Weapons Level 3  
  118  20:39  Terran Vehicle And Ship Armor Level 1  
  118  20:42  SCV  
  119  20:45  Viking  
  119  20:46  Viking  
  118  20:51  Marine x4  
  118  20:54  SCV  
  123  21:06  SCV  
  123  21:09  Marine x4  
  129  21:18  SCV  
  129  21:27  Marine  
  127  21:51  Siege Tank  
  127  21:52  Viking x4  
  127  21:53  Marine x4  
  138  22:11  Marine x4  
  136  22:22  Viking  
  109  22:23  Siege Tank  
  109  22:26  Liberator x2  
  109  22:28  Marine  
  93  22:35  Liberator  
  93  22:43  Viking  
  101  22:45  Marine x3  
  101  22:46  Marine  
  105  22:56  Liberator  
  105  22:58  SCV  
  109  23:02  Refinery, Marine  
  110  23:09  Liberator  
  110  23:10  SCV  
  110  23:11  Missile Turret  
  110  23:14  Missile Turret  
  110  23:18  Hi-Sec Auto Tracking  
  113  23:21  Terran Ship Weapons Level 3  
  113  23:22  Terran Vehicle And Ship Armor Level 2, SCV  
  113  23:25  Siege Tank  
  201  23:48  Liberator x3  
  78  24:06  Marine x3  
  78  24:07  Marine  
  84  24:24  Marine  
  85  24:32  Marine  
  85  24:33  Marine x2  
  85  24:34  Siege Tank  
  85  24:42  Marine  
  86  24:50  Marine x2  
  88  25:00  Marine  
  88  25:01  Marine  
  88  25:06  Siege Tank  
  93  25:08  Marine x2  
  93  25:09  Liberator x2  
  93  25:13  Orbital Command  
  95  25:18  Marine x2  
  95  25:27  Marine x2  
  103  25:36  Marine x2  
  105  25:45  Marine  
  105  25:46  Medivac x2  
  110  25:55  SCV  
  111  26:07  Marine x4, SCV  
  111  26:08  Siege Tank  
  111  26:09  Medivac x2  
  123  26:15  Refinery x2  
  123  26:19  SCV  
  123  26:25  Marine x3  
  118  26:31  SCV  
  91  26:38  Marine  
  63  26:41  Siege Tank, Medivac x2  
  63  26:43  Marine x3, SCV  
  74  26:56  Marine  
  74  27:00  Marine  
  75  27:28  Missile Turret  
  67  27:33  Marine x2  
  67  27:34  Marine x2  
  67  27:35  Siege Tank  
  74  27:50  Orbital Command  
  72  27:51  Marine x3, Command Center  
  57  28:55  Missile Turret  
  57  28:59  Missile Turret  
  57  29:01  Missile Turret x2  
  57  29:03  Missile Turret, Planetary Fortress  
  57  29:04  Missile Turret  
  57  29:09  Siege Tank  
  60  29:22  Refinery  
  60  29:23  Refinery  
  60  30:04  Liberator  
  60  30:16  SCV  
  60  30:18  Marine  
  60  30:19  Marine x3  
  60  30:20  Siege Tank  
  71  30:28  SCV  
  71  30:35  SCV  
  73  30:36  Marine x2  
  73  30:37  Marine  
  73  30:41  SCV  
  77  30:47  SCV  
  77  30:49  Marine  
  79  30:52  Siege Tank  
  79  30:54  Viking x3, Marine x3  
  79  30:57  Terran Vehicle And Ship Armor Level 3  
  91  30:58  Terran Infantry Weapons Level 3  
  91  31:00  Terran Infantry Armor Level 3  
  91  31:04  Viking  
  91  31:07  Marine  
  94  31:12  Marine  
  75  31:59  SCV  
  72  32:11  SCV  
  70  32:22  Marine x2  
  70  32:23  Marine x2, SCV  
  59  32:41  SCV x3  
  59  32:42  Marine x4, SCV  
  59  32:43  Siege Tank  
  70  32:44  Viking x2  
  72  32:59  Marine  
  72  33:00  Marine x2  
  72  33:01  SCV  
  72  33:02  SCV x3  
  77  33:15  Siege Tank  
  80  33:43  SCV  
  80  33:53  Marine x4  
  80  33:55  SCV  
  80  34:07  SCV  
  81  34:11  Marine x3  
  84  34:18  Marine  
  84  34:19  Siege Tank, SCV  
  89  34:28  Marine  
  89  34:29  Marine x2  
Show
View Real Time Build Order
Export as new Build Order

capac Terran 

Build Orders: Reaper Expand 

Get SALT Encoding   

  12  0:00  SCV  
  13  0:13  SCV  
  14  0:18  Supply Depot  
  14  0:25  SCV  
  15  0:39  SCV  
  15  0:40  Barracks  
  16  0:45  Refinery  
  16  0:51  SCV  
  17  1:03  SCV  
  18  1:15  SCV  
  19  1:30  Orbital Command  
  19  1:31  Reaper  
  20  1:45  Command Center  
  20  1:59  Supply Depot  
  20  2:03  Marine  
  21  2:10  SCV  
  22  2:15  Factory  
  22  2:17  Refinery  
  22  2:42  Marine  
  23  2:46  Barracks  
  23  2:47  SCV  
  24  2:58  Orbital Command  
  24  2:59  SCV  
  24  3:03  Starport, Factory Tech Lab  
  25  3:08  Marine  
  26  3:13  SCV  
  26  3:18  Engineering Bay  
  27  3:29  SCV  
  27  3:32  SCV  
  29  3:39  Siege Tank  
  32  3:43  SCV  
  32  3:46  Medivac  
  35  3:57  SCV x2  
  35  3:59  Barracks Reactor  
  35  4:00  Barracks Tech Lab  
  37  4:03  Marine  
  37  4:07  Supply Depot  
  37  4:20  Viking  
  39  4:39  SCV  
  39  4:40  SCV  
  39  4:44  Supply Depot  
  39  4:45  Siege Tank  
  44  4:46  Marine x2  
  46  4:56  Starport  
  42  5:18  Viking  
  34  5:48  Viking  
  35  6:11  Liberator x2  
  35  6:25  Marine x2  
  43  6:43  Marine x2  
  45  7:00  Marine, Siege Tank  
  45  7:01  Marine  
  50  7:08  Command Center  
  50  7:10  Barracks  
  50  7:13  Barracks  
  50  7:18  Marine x2  
  52  7:23  Orbital Command  
  52  7:36  Starport Tech Lab, Marine x2  
  54  7:39  Siege Tank  
  54  7:43  Supply Depot  
  57  7:54  Marine  
  58  7:59  Medivac  
  58  8:02  Barracks  
  58  8:03  Barracks Reactor, Stimpack  
  60  8:10  SCV x2  
  62  8:14  Refinery  
  62  8:29  Medivac  
  64  8:57  Orbital Command  
  64  9:02  Barracks Reactor x2  
  64  9:11  Starport Tech Lab, Armory  
  64  9:13  Starport Reactor  
  64  9:14  Supply Depot  
  64  9:21  SCV  
  64  9:22  SCV  
  66  9:26  SCV  
  66  9:27  Marine x2  
  66  9:28  Marine x2  
  71  9:33  SCV  
  71  9:34  SCV  
  73  9:39  Marine x4  
  73  9:43  Terran Infantry Weapons Level 1  
  73  9:45  Supply Depot, Marine  
  78  9:47  SCV x3  
  81  9:57  Marine x2  
  84  10:08  Liberator x2  
  84  10:09  Marine x5  
  88  10:14  Marine  
  88  10:18  Marine  
  88  10:19  SCV x3  
  93  10:23  Starport Reactor  
  93  10:24  Barracks Tech Lab  
  93  10:27  Supply Depot  
  93  10:28  Marauder, Terran Ship Weapons Level 1  
  101  10:30  Supply Depot  
  101  10:44  Supply Depot  
  101  10:45  Supply Depot  
  101  10:47  Refinery  
  101  10:49  Marine x3, Siege Tank, SCV  
  108  10:53  SCV x2  
  110  10:58  Liberator x2  
  110  10:59  Supply Depot x2  
  110  11:17  Marine x6  
  122  11:26  Combat Shields  
  122  11:43  Orbital Command  
  122  11:44  Siege Tank  
  122  11:45  Liberator  
  125  11:48  Supply Depot  
  125  11:54  Factory  
  125  11:55  Supply Depot  
  125  11:58  Supply Depot  
  128  12:10  Marine  
  128  12:11  Marine x7  
  136  12:20  Siege Tank  
  139  12:43  Marine x3  
  139  12:44  Marine x5  
  146  12:50  SCV  
  146  12:51  SCV  
  146  13:01  Marine x3, SCV  
  146  13:03  SCV x2  
  152  13:12  Supply Depot, Liberator x2  
  152  13:13  SCV  
  152  13:15  Medivac  
  155  13:32  Medivac  
  163  13:36  Refinery  
  163  13:45  Marine  
  163  13:46  Marine x4  
  168  13:50  Liberator x2  
  168  13:55  Supply Depot  
  168  13:57  Supply Depot  
  168  14:00  Refinery  
  174  14:10  Siege Tank x2  
  174  14:14  Supply Depot  
  180  14:28  Marine  
  180  14:29  Marine x6  
  187  14:33  Liberator  
  187  14:36  Medivac x2  
  191  14:46  Supply Depot  
  194  14:54  SCV x3  
  197  15:35  Supply Depot  
  197  15:38  Starport  
  197  15:42  Barracks x2  
  197  15:43  Barracks  
  98  16:34  Marine  
  98  16:35  Marine x7  
  106  16:52  Marine x2  
  106  16:53  Marine x6  
  106  16:54  Liberator x4  
  112  17:10  Marine x6  
  112  17:11  Marine x2  
  132  17:18  Command Center  
  132  17:20  Marine  
  132  17:21  Marine x2  
  135  17:28  Marine x8  
  143  17:36  Liberator  
  138  17:37  Liberator x2  
  138  17:38  Marine  
  138  17:39  Marine x2  
  138  17:45  Marine, Liberator  
  138  17:46  Marine x7  
  138  17:56  Marine  
  138  17:57  Marine  
  135  18:02  Cyclone  
  135  18:03  Marine  
  135  18:04  Marine  
  127  18:16  Marine  
  127  18:17  Marine x8  
  127  18:19  Liberator  
  136  18:20  Liberator x2  
  136  18:21  Marine  
  136  18:22  Marine  
  138  18:28  Liberator  
  138  18:32  Starport Reactor  
  138  18:52  Marine  
  138  18:53  Marine x9  
  148  18:58  Liberator x2  
  132  19:02  Liberator  
  125  19:18  Marine  
  125  19:19  Medivac  
  125  19:20  Medivac  
  133  19:29  Marine x4  
  132  20:04  Marine  
  132  20:05  Marine x10  
  143  20:11  Planetary Fortress  
  140  20:22  Marine  
  140  20:23  Marine x2  
  140  20:26  Siege Tank x2  
  140  20:28  Marine x4  
  150  20:29  Marine x2  
  155  20:37  Liberator x4  
  155  20:38  Liberator  
  170  20:58  Siege Tank, Medivac  
  149  21:21  Marine  
  149  21:22  Marine x10  
  160  21:27  Liberator x3  
  160  21:39  Marine x5  
  155  21:40  Marine x6  
  174  21:57  Marine x8  
  163  22:18  Liberator  
  140  22:26  Marine  
  140  22:27  Marine x10  
  145  22:44  Marine  
  145  22:45  Marine x10  
  156  23:03  Liberator x3  
  156  23:05  Refinery  
  153  23:07  Refinery  
  153  23:23  Marine  
  153  23:24  Marine x8  
  171  23:28  Command Center  
  86  24:25  Liberator x2  
  86  24:26  Liberator x3  
  86  24:27  Liberator  
  80  24:40  Marine x9  
  80  24:41  Marine  
  80  24:45  Marine  
  109  24:58  Marine x10  
  119  25:03  Marine  
  106  25:25  Medivac  
  108  25:32  Siege Tank  
  108  25:33  Siege Tank  
  114  25:36  Marine x6  
  114  25:37  Marine x4  
  124  25:46  Medivac  
  126  26:12  Missile Turret  
  126  26:14  Marine x4  
  126  26:15  Barracks Reactor x2  
  126  26:16  Barracks Reactor  
  124  26:29  Liberator x2  
  124  26:30  Liberator x2  
  85  26:40  Marine  
  85  26:41  Marine x7  
  105  26:58  Marine  
  105  26:59  Marine x7  
  113  27:16  Marine  
  113  27:17  Marine  
  111  27:35  Marine  
  111  27:36  Marine x13  
  125  27:53  Marine  
  125  27:54  Marine x12  
  136  28:00  Marine  
  122  28:11  Marine  
  122  28:12  Marine x10  
  134  28:18  Marine  
  131  28:23  Marine  
  106  28:41  Marine  
  106  28:45  Medivac x5  
  117  29:07  Marine x5  
  117  29:08  Marine x7  
  117  29:09  Medivac  
  131  29:14  Medivac  
  131  29:15  Medivac  
  135  29:19  Refinery  
  135  29:25  Marine  
  136  30:08  Liberator x2, Command Center  
  136  30:09  Liberator  
  145  30:32  Barracks Reactor  
  145  30:33  Barracks Reactor  
  145  30:42  Refinery  
  91  32:05  Marine x2  
  89  32:23  Marine x2  
  72  32:41  Marine x2  
  71  32:56  Barracks  
  71  32:57  Barracks  
  71  32:58  Barracks  
  71  33:01  Factory  
  71  33:02  Starport  
  68  33:38  Liberator x2  
  68  33:39  Liberator x4  
  66  33:47  Barracks Reactor x2  
  66  33:48  Barracks Reactor  
  66  33:49  Starport Reactor  
  84  34:04  Missile Turret  
  84  34:05  Missile Turret  
  84  34:08  Missile Turret  
  80  34:21  Factory Tech Lab  
  74  34:39  Refinery x2  
Tags
 
Add a new tag
Caveats
  • Supply blocks, unpowered buildings, or Contaminate may cause inaccurate times.
  • Supply counts are checked every 10 seconds.